 Dungeon Crawl Stone Soup version 0.31.0-11-ge490571c62 (webtiles) character file.

Game seed: 3265279700018969292

76 qw the Shooter (level 4, 0/22 HPs)
             Began as a Spriggan Hunter on Feb 4, 2024.
             Succumbed to their own poison gas
             ... on level 2 of the Dungeon.
             The game lasted 00:00:05 (1070 turns).

qw the Shooter (Spriggan Hunter)                    Turns: 1070, Time: 00:00:05

Health: 0/22       AC:  6    Str:  7    XL:     4   Next: 12%
Magic:  5/5        EV: 19    Int: 10    God:
Gold:   54         SH:  0    Dex: 20    Spells: 3/3 levels left

rFire   . . .        a - +0 shortbow
rCold   . . .        (shield currently unavailable)
rNeg    . . .        c - +0 robe
rPois   .            (helmet restricted)
rElec   .            (no cloak)
rCorr   .            (gloves unavailable)
SInv    +            (boots unavailable)
Will    .....        (no amulet)
Stlth   ++           g - +4 ring of protection
HPRegen 0.23/turn    (no ring)
MPRegen 0.09/turn

%: no passive effects
@: lethally poisoned (0 -> -1), very quick
A: very small, no large weapons, unfitting armour, see invisible, speed 3
a: no special abilities


You were on level 2 of the Dungeon.
You visited 1 branch of the dungeon, and saw 2 of its levels.

You collected 54 gold pieces.


Innate Abilities, Weirdness & Mutations

You are very small and have problems with some larger weapons.
You are too small for most types of armour.
You have supernaturally acute eyesight. (SInv)
You cover ground extremely quickly. (Speed+++)


   Skills:
 - Level 1.5 Fighting
 - Level 5.0 Ranged Weapons
 + Level 4.4 Dodging
 - Level 1.5 Stealth


You had 3 spell levels left.
You didn't know any spells.
Your spell library was empty.

Inventory:

Hand Weapons
 a - a +0 shortbow (weapon)
Armour
 c - a +0 robe (worn)
Jewellery
 g - a +4 ring of protection (left hand)

Dungeon Overview and Level Annotations

Branches:
Dungeon (2/15)

Altars:

Shops:
D:2 !


Message History

It was a scroll of poison.
Done exploring.
1058 ||| DROPPING potion of magic.
You drop a potion of magic.
Done exploring.
What level of the Dungeon? (default 2, ? - help) Sorry, I don't know how to get there.
Enter note:
Enter note:
Enter note:
Enter note:
Enter note:
Enter note:
Enter note:
Enter note:
Enter note: You are engulfed in poison gas.
You are poisoned.
You feel very sick.
1060 ||| Stepping ~*~*~tactically~*~*~ (cloud).
You feel very sick.
You see here a potion of magic.
There is a lethal amount of poison in your body!
You feel very sick.
There is a lethal amount of poison in your body!
You feel very sick.
There is a lethal amount of poison in your body!
You feel sick.
There is a lethal amount of poison in your body!
You feel sick.
There is a lethal amount of poison in your body!
You feel sick.
There is a lethal amount of poison in your body!
You feel sick.
There is a lethal amount of poison in your body!
You feel sick.
There is a lethal amount of poison in your body!
You feel sick.
There is a lethal amount of poison in your body!
You feel sick.
There is a lethal amount of poison in your body!
You die...

#..###############...#########.#
#.[.# #........'...+.........#
###.# #.########...########..#
#.#####.### ####...# #..#
#.........###0.....# #..#
#######.#%##.0##...# #..#
#.#.>..¤0#...# #..#
#.######0#)).# #..# #.# #@#...#
#).# #.# #.##### #..# #.# #.#
#..# #########+#### #¤# #..#
.....#.......#
#.############..##
####.#.#.....#
#0#..............)
.%...#.#.....#
#¤#.##############
#....#.#.....#
#.#...............
#....#.#####.#
####''############


There were no monsters in sight!

Vanquished Creatures
  An adder (D:2)
  3 dart slugs (D:1)
  5 ball pythons
  3 endoplasms
  A giant cockroach (D:2)
  7 goblins
  13 hobgoblins
  6 kobolds
  3 quokkas
  5 bats
  3 frilled lizards
  3 rats (D:1)
53 creatures vanquished.

Notes
Turn   | Place    | Note
-------+----------+-------------------------------------------
     0 | D:1      | qw the Spriggan Hunter began the quest for the Orb.
     0 | D:1      | Reached XP level 1. HP: 10/10 MP: 2/2
     0 | D:1      | 0 ||| qw: Version: 0.3-a-160-g6735b56
     0 | D:1      | 0 ||| qw: Game counter: 4476
     0 | D:1      | 0 ||| qw: Melee chars always use a shield: true
     0 | D:1      | 0 ||| qw: God list: Okawaru
     0 | D:1      | 0 ||| qw: Allow faded altars: false
     0 | D:1      | 0 ||| qw: Do Orc after clearing Dungeon:15 true
     0 | D:1      | 0 ||| qw: Do second Lair branch before Depths: true
     0 | D:1      | 0 ||| qw: Lair rune preference: random
     0 | D:1      | 0 ||| qw: Goals: Normal
     0 | D:1      | 0 ||| PLANNING D:1-11
    14 | D:1      | Reached skill level 3 in Dodging
    53 | D:1      | Reached XP level 2. HP: 13/14 MP: 3/3
   194 | D:1      | Reached XP level 3. HP: 18/18 MP: 4/4
   293 | D:1      | 293 ||| DROPPING amulet of magic regeneration.
   294 | D:1      | 294 ||| READING 2 scrolls labelled KACKIGG UBRUTH.
   294 | D:1      | 294 ||| IDENTIFYING silvery potion
   295 | D:1      | 295 ||| READING scroll of identify.
   295 | D:1      | 295 ||| IDENTIFYING scroll labelled AHOPNI ZOTUSAQ
   296 | D:1      | 296 ||| DROPPING scroll of butterflies.
   297 | D:1      | 297 ||| DROPPING scroll of torment.
   298 | D:1      | 298 ||| DROPPING potion of invisibility.
   455 | D:2      | Found Sumydiv's Distillery.
   464 | D:2      | 464 ||| SHOPLISTING potion of curing (39 gold, have 20).
   464 | D:2      | 464 ||| SHOPLISTING potion of enlightenment (65 gold, have
                  | 20).
   464 | D:2      | 464 ||| SHOPLISTING potion of heal wounds (65 gold, have
                  | 20).
   464 | D:2      | 464 ||| SHOPLISTING potion of might (52 gold, have 20).
   464 | D:2      | 464 ||| SHOPLISTING potion of resistance (130 gold, have
                  | 20).
   505 | D:2      | Reached skill level 5 in Ranged Weapons
   670 | D:2      | Reached XP level 4. HP: 22/22 MP: 5/5
  1054 | D:2      | 1054 ||| UPGRADING to +4 ring of protection.
  1055 | D:2      | 1055 ||| READING scroll of identify.
  1055 | D:2      | 1055 ||| IDENTIFYING bubbling grey potion
  1056 | D:2      | 1056 ||| READING scroll labelled UNLACSAINWU.
  1057 | D:2      | 1057 ||| READING scroll labelled OSUYGOEDOB.
  1058 | D:2      | 1058 ||| DROPPING potion of magic.
  1060 | D:2      | 1060 ||| Stepping ~*~*~tactically~*~*~ (cloud).
  1064 | D:2      | HP: 5/22 [poisoned by you (poison gas)]
  1068 | D:2      | HP: 2/22 [poisoned by you (poison gas)]
  1070 | D:2      | Succumbed to their own poison gas

Levels and vault maps discovered:
D:1:      nzn_arrival_water_spiral, layout_rooms
D:2:      layout_basic, serial_shops, shop, kennysheep_generic_room_5

Skill      XL: |  1  2  3 |
---------------+----------+-----
Dodging        | 3 4 |  4.4
Ranged Weapons | 5 |  5.0
Fighting       | |  1.5
Stealth        | |  1.5

Action                     |  1- 3 |  4- 6 || total
---------------------------+-------+-------++-------
   Fire: Shortbow          |    97 |    22 ||   119
    Use: Scroll            |     2 |     3 ||     5
 Armour: Robe              |     7 |     1 ||     8
  Dodge: Dodged            |    16 |     8 ||    24

Table legend:
 A = Non-vault XP
 B = Vault XP
 C = Vault XP percentage of total XP
 D = Non-vault monster count
 E = Vault monster count
 F = Vault count percentage of total count
                 A         B        C        D         E       F
            +---------+---------+-------+---------+---------+-------
      Total |     105 |       4 |   3.7 |      51 |       2 |   3.8
            +---------+---------+-------+---------+---------+-------
        D:1 |      58 |       0 |   0.0 |      30 |       0 |   0.0
        D:2 |      47 |       4 |   7.8 |      21 |       2 |   8.7
            +---------+---------+-------+---------+---------+-------
